NCAA
CALIFORNIA GOLDEN BEARS @ OKLAHOMA STATE COWBOYS
05/18/2023
 
TOP OF THE 1ST
California Golden Bears batting - Pitching for Oklahoma State Cowboys : RHP Lance Britt
Pitching: RHP Lance Britt
Batting: RHB Albert Alemán 0-0: Ball
1-0: SINGLE (Groundball, 34D)
Batting: RHB Júlio López 0-0: Called Strike
0-1: Called Strike
0-2: Ball
1-2: Ball
2-2: Ball
3-2: Strikes out swinging
Batting: LHB Sergio Fernández 0-0: Swinging Strike
0-1: Ball
1-1: Ball
2-1: Swinging Strike
2-2: Strikes out swinging
Batting: LHB António Costa 0-0: Ball
1-0: Called Strike
1-1: Foul Ball, location: 2F
1-2: Ball
2-2: Foul Ball, location: 2F
2-2: Strikes out swinging
Top of the 1st over - 0 run(s), 1 hit(s), 0 error(s), 1 left on base; California 0 - Oklahoma State 0
BOTTOM OF THE 1ST
Oklahoma State Cowboys batting - Pitching for California Golden Bears : RHP Pedro Hernández
Pitching: RHP Pedro Hernández
Batting: RHB Mark Hart 0-0: Ball
1-0: Ground out 6-3 (Groundball, 6)
Batting: RHB Mike Johnson 0-0: Swinging Strike
0-1: Ball
1-1: DOUBLE (Line Drive, 9LS)
Batting: RHB Roberto García 0-0: Ball
1-0: Swinging Strike
1-1: Called Strike
1-2: Strikes out swinging
Batting: RHB Earl Conrad 0-0: Called Strike
0-1: Fly out, F8 (Flyball, 8LD)
Bottom of the 1st over - 0 run(s), 1 hit(s), 0 error(s), 1 left on base; California 0 - Oklahoma State 0
TOP OF THE 2ND
California Golden Bears batting - Pitching for Oklahoma State Cowboys : RHP Lance Britt
Batting: SHB Chris Woods 0-0: Ball
1-0: Ball
2-0: Ball
3-0: Called Strike
3-1: Called Strike
3-2: Base on Balls
Batting: RHB Dave Smith 0-0: Called Strike
0-1: Ball
1-1: Ball
2-1: Foul Ball, location: 2F
2-2: Ball
3-2: Base on Balls
Chris Woods to second
Batting: LHB Noah Gillespie 0-0: Ball
1-0: Swinging Strike
1-1: Ball
2-1: Ball
3-1: Called Strike
3-2: Foul Ball, location: 2F
3-2: SINGLE (Flyball, 89S)
Chris Woods to third
Dave Smith to second
Batting: SHB Jeff McGill 0-0: Ball
1-0: Ball
2-0: Foul Ball, location: 2F
2-1: Fly out, F8 (Flyball, 8RM)
Runner from 3rd tags up, SCORES, throw made
Batting: RHB John Mason 0-0: Foul Ball, location: 2F
0-1: Foul Ball, location: 2F
0-2: Ball
1-2: Fly out, F8 (Flyball, 8LM)
Batting: RHB Albert Alemán 0-0: Called Strike
0-1: Ball
1-1: Called Strike
1-2: Ball
2-2: Ball
3-2: SINGLE (Line Drive, 89S)
Dave Smith to third
Noah Gillespie to second
Dave Smith scores
Noah Gillespie to third
Batting: RHB Júlio López 0-0: Ball
1-0: SINGLE (Line Drive, 9S)
Noah Gillespie scores
Albert Alemán to second
Runner from 2nd tries for 3rd, SAFE, no throw or cutoff
Batting: LHB Sergio Fernández 0-0: Called Strike
0-1: Ball
1-1: Ball
2-1: Swinging Strike
2-2: Ball
3-2: DOUBLE (Line Drive, 3L)
Albert Alemán scores
Júlio López to third
Júlio López scores
Batting: LHB António Costa 0-0: Called Strike
0-1: Ball
1-1: Foul Ball, location: 2F
1-2: SINGLE (Groundball, 6MD)
Sergio Fernández to third
Runner from 3rd tries for Home, SAFE, throw made home
António Costa to second
Batting: SHB Chris Woods 0-0: Ball
1-0: Foul Ball, location: 2F
1-1: Ball
2-1: Foul Ball, location: 2F
2-2: Strikes out swinging
Top of the 2nd over - 6 run(s), 5 hit(s), 0 error(s), 1 left on base; California 6 - Oklahoma State 0
BOTTOM OF THE 2ND
Oklahoma State Cowboys batting - Pitching for California Golden Bears : RHP Pedro Hernández
Batting: RHB Jack Hollon 0-0: Called Strike
0-1: Called Strike
0-2: Foul Ball, location: 2F
0-2: Ball
1-2: Ball
2-2: Ground out 6-3 (Groundball, 6)
Batting: LHB Kent Fremantle 0-0: Ball
1-0: Swinging Strike
1-1: Called Strike
1-2: Ball
2-2: Foul Ball, location: 2F
2-2: Ball
3-2: Foul Ball, location: 2F
3-2: Foul Ball, location: 2F
3-2: Foul Ball, location: 2F
3-2: Foul Ball, location: 2F
3-2: Strikes out swinging
Batting: RHB Mark McCullough 0-0: Ground out 6-3 (Groundball, 6)
Bottom of the 2nd over - 0 run(s), 0 hit(s), 0 error(s), 0 left on base; California 6 - Oklahoma State 0
TOP OF THE 3RD
California Golden Bears batting - Pitching for Oklahoma State Cowboys : RHP Lance Britt
Batting: RHB Dave Smith 0-0: Called Strike
0-1: Ball
1-1: Ball
2-1: Ball
3-1: Swinging Strike
3-2: Foul Ball, location: 2F
3-2: Foul Ball, location: 2F
3-2: Foul Ball, location: 2F
3-2: Foul Ball, location: 2F
3-2: Foul Ball, location: 2F
3-2: Base on Balls
Pitching: LHP Aaron Green
Batting: LHB Noah Gillespie 0-0: Ball
1-0: Ball
2-0: Grounds into double play, 4-6-3 (Groundball, 4)
Batting: SHB Jeff McGill 0-0: Ball
1-0: Ball
2-0: Foul Ball, location: 2F
2-1: Fly out, F8 (Line Drive, 8LM)
Top of the 3rd over - 0 run(s), 0 hit(s), 0 error(s), 0 left on base; California 6 - Oklahoma State 0
BOTTOM OF THE 3RD
Oklahoma State Cowboys batting - Pitching for California Golden Bears : RHP Pedro Hernández
Batting: RHB Earnest Maldonado 0-0: Ball
1-0: Fly out, F8 (Flyball, 8RM)
Batting: SHB Von Smith 0-0: Foul Ball, location: 2F
0-1: Ball
1-1: Ball
2-1: Foul Ball, location: 2F
2-2: Ball
3-2: Fly out, F6 (Popup, 6M)
Batting: RHB Mark Hart 0-0: Called Strike
0-1: Ball
1-1: Ball
2-1: Ball
3-1: Base on Balls
Batting: RHB Mike Johnson Pickoff Throw to First - Error! E1
Mark Hart to second
0-0: Swinging Strike
0-1: Ball
1-1: Swinging Strike
1-2: Strikes out swinging
Bottom of the 3rd over - 0 run(s), 0 hit(s), 1 error(s), 1 left on base; California 6 - Oklahoma State 0
TOP OF THE 4TH
California Golden Bears batting - Pitching for Oklahoma State Cowboys : LHP Aaron Green
Batting: RHB John Mason 0-0: Fly out, F9 (Flyball, 89M)
Batting: RHB Albert Alemán 0-0: Ball
1-0: Ball
2-0: Foul Ball, location: 2F
2-1: DOUBLE (Line Drive, 8RM)
Batting: RHB Júlio López 0-0: Foul Ball, location: 2F
0-1: Foul Ball, location: 2F
0-2: Foul Ball, location: 2F
0-2: Ball
1-2: Ground out 6-3 (Groundball, 6)
Batting: LHB Sergio Fernández 0-0: Ball
1-0: Swinging Strike
1-1: Ball
2-1: Ball
3-1: Base on Balls
Batting: LHB António Costa 0-0: Ball
1-0: Called Strike
1-1: Foul Ball, location: 2F
1-2: Foul Ball, location: 2F
1-2: Foul Ball, location: 2F
1-2: Ball
2-2: SINGLE (Groundball, 34D) (infield hit)
Albert Alemán to third
Sergio Fernández to second
Batting: SHB Chris Woods 0-0: Swinging Strike
0-1: Ball
1-1: Called Strike
1-2: Ball
2-2: Foul Ball, location: 2F
2-2: Fly out, F8 (Line Drive, 8RD)
Top of the 4th over - 0 run(s), 2 hit(s), 0 error(s), 3 left on base; California 6 - Oklahoma State 0
BOTTOM OF THE 4TH
Oklahoma State Cowboys batting - Pitching for California Golden Bears : RHP Pedro Hernández
Batting: RHB Roberto García 0-0: Called Strike
0-1: Ball
1-1: Called Strike
1-2: Ground out 5-3 (Groundball, 5L)
Batting: RHB Earl Conrad 0-0: Foul Ball, location: 2F
0-1: Foul Ball, location: 2F
0-2: Ball
1-2: Ball
2-2: Ball
3-2: Foul Ball, location: 2F
3-2: SINGLE (Groundball, 56D)
Batting: RHB Jack Hollon 0-0: Called Strike
0-1: Called Strike
0-2: Foul Ball, location: 2F
0-2: Ball
1-2: Ground out 5-3 (Groundball, 56S)
Earl Conrad to second
Pitching: LHP Manuel Espinoza
Batting: LHB Kent Fremantle 0-0: Called Strike
0-1: Ball
1-1: Ground out 3-1 (Groundball, 34)
Bottom of the 4th over - 0 run(s), 1 hit(s), 0 error(s), 1 left on base; California 6 - Oklahoma State 0
TOP OF THE 5TH
California Golden Bears batting - Pitching for Oklahoma State Cowboys : LHP Aaron Green
Batting: RHB Dave Smith 0-0: Ball
1-0: Foul Ball, location: 2F
1-1: Ball
2-1: Foul Ball, location: 2F
2-2: Strikes out swinging
Batting: LHB Noah Gillespie 0-0: Called Strike
0-1: Ball
1-1: Foul Ball, location: 2F
1-2: Ball
2-2: Strikes out swinging
Batting: SHB Jeff McGill 0-0: Called Strike
0-1: Called Strike
0-2: Foul Ball, location: 2F
0-2: Ground out 4-3 (Groundball, 4)
Top of the 5th over - 0 run(s), 0 hit(s), 0 error(s), 0 left on base; California 6 - Oklahoma State 0
BOTTOM OF THE 5TH
Oklahoma State Cowboys batting - Pitching for California Golden Bears : LHP Manuel Espinoza
Batting: RHB Mark McCullough 0-0: Called Strike
0-1: SINGLE (Flyball, 89S)
Batting: RHB Earnest Maldonado 0-0: Foul Ball, location: 2F
0-1: Ball
1-1: Ball
2-1: SINGLE (Line Drive, 78S)
Mark McCullough to second
Batting: SHB Von Smith 0-0: Grounds into double play, 6-4-3 (Groundball, 6)
Mark McCullough to third
Batting: RHB Mark Hart 0-0: SINGLE (Groundball, 5S)
Mark McCullough scores
Batting: RHB Mike Johnson 0-0: Called Strike
0-1: Ball
1-1: Ball
2-1: SINGLE (Groundball, 56S) (infield hit)
Mark Hart to second
Batting: RHB Roberto García 0-0: Ball
1-0: Ball
2-0: Foul Ball, location: 2F
2-1: SINGLE (Line Drive, 6D)
Mark Hart to third
Mike Johnson to second
Runner from 3rd tries for Home, SAFE, no throw or cutoff
Batting: RHB Earl Conrad 0-0: Called Strike
0-1: Foul Ball, location: 2F
0-2: Strikes out swinging
Bottom of the 5th over - 2 run(s), 5 hit(s), 0 error(s), 2 left on base; California 6 - Oklahoma State 2
TOP OF THE 6TH
California Golden Bears batting - Pitching for Oklahoma State Cowboys : LHP Aaron Green
Batting: RHB John Mason 0-0: Ball
1-0: Ball
2-0: Ball
3-0: Called Strike
3-1: Base on Balls
Pitching: RHP Bill Novak
Batting: RHB Albert Alemán 0-0: Ball
1-0: Ball
2-0: Ball
3-0: Called Strike
3-1: Base on Balls
John Mason to second
Batting: RHB Júlio López 0-0: Ball
1-0: Called Strike
1-1: Called Strike
1-2: Strikes out looking
Batting: LHB Sergio Fernández 0-0: Ball
1-0: Ball
2-0: Ball
3-0: Base on Balls
John Mason to third
Albert Alemán to second
Batting: LHB António Costa 0-0: Called Strike
0-1: Ball
1-1: Foul Ball, location: 2F
1-2: Ball
2-2: Ball
3-2: Base on Balls
John Mason scores
Albert Alemán to third
Sergio Fernández to second
Batting: SHB Chris Woods 0-0: Swinging Strike
0-1: Foul Ball, location: 2F
0-2: Ball
1-2: Ball
2-2: Foul Ball, location: 2F
2-2: DOUBLE (Line Drive, 9LD)
Albert Alemán scores
Sergio Fernández scores
António Costa to third
Runner from 3rd tries for Home, SAFE, throw made home
Pitching: RHP Matthew Wright
Batting: RHB Dave Smith 0-0: SINGLE (Line Drive, 8LS)
Chris Woods to third
Runner from 3rd tries for Home, SAFE, throw made home
Batting: LHB Noah Gillespie 0-0: Fly out, F7 (Flyball, 78S)
Batting: SHB Jeff McGill 0-0: Ball
1-0: Ball
2-0: Ball
3-0: Foul Ball, location: 2F
3-1: Base on Balls
Dave Smith to second
Batting: RHB John Mason 0-0: Called Strike
0-1: Ball
1-1: Fly out, F9 (Flyball, 9LM)
Top of the 6th over - 5 run(s), 2 hit(s), 0 error(s), 2 left on base; California 11 - Oklahoma State 2
BOTTOM OF THE 6TH
Oklahoma State Cowboys batting - Pitching for California Golden Bears : LHP Manuel Espinoza
Batting: RHB Jack Hollon 0-0: Ground out 6-3 (Groundball, 6S)
Batting: LHB Kent Fremantle 0-0: SINGLE (Groundball, 4MD)
Batting: RHB Mark McCullough Pickoff Throw to First - Out!
0-0: Called Strike
0-1: Ball
1-1: SINGLE (Groundball, 6)
Batting: RHB Earnest Maldonado 0-0: Ball
1-0: Ball
2-0: Ball
3-0: Base on Balls
Mark McCullough to second
Batting: SHB Von Smith 0-0: Foul Ball, location: 2F
0-1: Foul Ball, location: 2F
0-2: Strikes out swinging
Bottom of the 6th over - 0 run(s), 2 hit(s), 0 error(s), 2 left on base; California 11 - Oklahoma State 2
TOP OF THE 7TH
California Golden Bears batting - Pitching for Oklahoma State Cowboys : RHP Matthew Wright
Batting: RHB Albert Alemán 0-0: SOLO HOME RUN (Flyball, 7D), Distance : 350 ft
Batting: RHB Júlio López 0-0: Ball
1-0: Called Strike
1-1: Called Strike
1-2: SINGLE (Line Drive, 8LS)
Batting: LHB Sergio Fernández 0-0: Ball
1-0: SINGLE (Line Drive, 34)
Júlio López to second
Runner from 2nd tries for 3rd, SAFE, throw made to third
Batting: LHB António Costa 0-0: Ball
1-0: Called Strike
1-1: Foul Ball, location: 2F
1-2: Strikes out swinging
Batting: SHB Chris Woods 0-0: Called Strike
0-1: Foul Ball, location: 2F
0-2: Foul Ball, location: 2F
0-2: Strikes out looking
Batting: RHB Dave Smith 0-0: Swinging Strike
0-1: Swinging Strike
0-2: Foul Ball, location: 2F
0-2: Fly out, F7 (Line Drive, 7D)
Top of the 7th over - 1 run(s), 3 hit(s), 0 error(s), 2 left on base; California 12 - Oklahoma State 2
BOTTOM OF THE 7TH
Oklahoma State Cowboys batting - Pitching for California Golden Bears : LHP Manuel Espinoza
Pitching: LHP Josh West
Batting: RHB Mark Hart 0-0: Ground out 6-3 (Groundball, 6M)
Batting: RHB Mike Johnson 0-0: Ball
1-0: Ball
2-0: Called Strike
2-1: Foul Ball, location: 2F
2-2: Strikes out swinging
Batting: RHB Roberto García 0-0: Ball
1-0: Called Strike
1-1: Ball
2-1: Foul Ball, location: 2F
2-2: Foul Ball, location: 2F
2-2: Ball
3-2: Ground out 1-3 (Groundball, 15S)
Bottom of the 7th over - 0 run(s), 0 hit(s), 0 error(s), 0 left on base; California 12 - Oklahoma State 2
TOP OF THE 8TH
California Golden Bears batting - Pitching for Oklahoma State Cowboys : RHP Matthew Wright
Batting: LHB Noah Gillespie 0-0: Ball
1-0: Foul Ball, location: 2F
1-1: Ball
2-1: Ball
3-1: Called Strike
3-2: Foul Ball, location: 2F
3-2: Base on Balls
Batting: SHB Jeff McGill 0-0: Called Strike
0-1: Bunt missed!
0-2: Foul Ball, location: 2F
0-2: Ball
1-2: Fly out, F7 (Line Drive, 7M)
Pitching: RHP R.J. Hull
Batting: RHB John Mason 0-0: Ball
1-0: Ball
2-0: Called Strike
2-1: Foul Ball, location: 2F
2-2: Strikes out swinging
Batting: RHB Albert Alemán 0-0: Ball
Pickoff Throw by Catcher to First - Error! E2
Noah Gillespie to second
1-0: Ball
2-0: Ball
3-0: Called Strike
3-1: Base on Balls
Batting: RHB Júlio López 0-0: Fly out, F4 (Popup, 4D)
Top of the 8th over - 0 run(s), 0 hit(s), 1 error(s), 2 left on base; California 12 - Oklahoma State 2
BOTTOM OF THE 8TH
Oklahoma State Cowboys batting - Pitching for California Golden Bears : LHP Josh West
Now at 1B: Jeff West
Now at SS: Pat Bray
Batting: RHB Earl Conrad 0-0: Ball
1-0: Ground out 6-3 (Groundball, 6)
Batting: RHB Jack Hollon 0-0: Ball
1-0: Called Strike
1-1: Ball
2-1: Foul Ball, location: 2F
2-2: Foul Ball, location: 2F
2-2: Strikes out swinging
Batting: LHB Kent Fremantle 0-0: Called Strike
0-1: Ball
1-1: Swinging Strike
1-2: Ball
2-2: Ball
3-2: Foul Ball, location: 2F
3-2: Foul Ball, location: 2F
3-2: Base on Balls
Batting: RHB Mark McCullough 0-0: Ball
1-0: Swinging Strike
1-1: Ball
2-1: Swinging Strike
2-2: Foul Ball, location: 2F
2-2: Ball
Wild Pitch!
Kent Fremantle to second
3-2: Base on Balls
Batting: RHB Earnest Maldonado 0-0: Called Strike
0-1: Ball
1-1: 3-RUN HOME RUN (Flyball, 7D), Distance : 349 ft
Batting: SHB Von Smith 0-0: Called Strike
0-1: Ground out 1-3 (Groundball, 3S)
Bottom of the 8th over - 3 run(s), 1 hit(s), 0 error(s), 0 left on base; California 12 - Oklahoma State 5
TOP OF THE 9TH
California Golden Bears batting - Pitching for Oklahoma State Cowboys : RHP R.J. Hull
Batting: LHB Sergio Fernández 0-0: Ball
1-0: Ground out U3 (Groundball, 3S)
Batting: LHB António Costa 0-0: Reached on error, E4 (Groundball, 4)
Batting: SHB Chris Woods 0-0: Called Strike
0-1: Swinging Strike
0-2: Ball
1-2: Strikes out swinging
Batting: RHB Dave Smith 0-0: Called Strike
0-1: Swinging Strike
0-2: Fly out, F8 (Flyball, 8LS)
Top of the 9th over - 0 run(s), 0 hit(s), 1 error(s), 1 left on base; California 12 - Oklahoma State 5
BOTTOM OF THE 9TH
Oklahoma State Cowboys batting - Pitching for California Golden Bears : LHP Josh West
Batting: RHB Mark Hart 0-0: Called Strike
0-1: Called Strike
0-2: Strikes out swinging
Batting: RHB Mike Johnson 0-0: Swinging Strike
0-1: Ball
1-1: Foul Ball, location: 2F
1-2: DOUBLE (Line Drive, 78M)
Batting: RHB Roberto García 0-0: Ball
Single, Error in OF, E7, batter to second base
Mike Johnson scores
Batting: RHB Earl Conrad 0-0: Ball
1-0: Ball
2-0: Foul Ball, location: 2F
2-1: Called Strike
2-2: Ball
3-2: SINGLE (Flyball, 7LM)
Roberto García to third
Runner from 3rd tries for Home, SAFE, throw made home
Pitching: RHP Steve Deal
Batting: RHB Jack Hollon 0-0: Ball
1-0: Swinging Strike
1-1: Swinging Strike
1-2: Strikes out looking
Batting: LHB Kent Fremantle 0-0: Ball
1-0: Reached on Error, E7 (Flyball, 7M)
Earl Conrad to third
Batting: RHB Mark McCullough 0-0: Foul Ball, location: 2F
0-1: Ground out 1-3 (Groundball, 15)
Bottom of the 9th over - 2 run(s), 3 hit(s), 2 error(s), 2 left on base; California 12 - Oklahoma State 7
This league is powered by Out of the Park Baseball, the baseball management simulation game for PC, Mac and Linux
Wednesday, December 2nd, 2015 - OOTP Baseball 16.8 Build 38